Map: [ESL] Cosmic Sapphire

Players

ShoWTimE

  • Race: Protoss Protoss
  • Spawn Location: 5:00

DRG - Winner!

  • Race: Zerg Zerg
  • Spawn Location: 11:00

Event: DreamHack SC2 Masters 2022 Valencia

VOD

Have the link to the VOD?

Description

Time

  • Played on: July 1, 2022, 3:14 p.m.
  • Length: 12:03

All games in this series

Show
View Real Time Build Order
Export as new Build Order

ShoWTimE Protoss 

Build Orders: 1 Gate Expand, Oracle Opening, Zealot Archon 

Get SALT Encoding   

  12  0:00  Probe  
  13  0:12  Probe  
  14  0:17  Pylon  
  14  0:24  Probe (Chrono Boost)  
  15  0:36  Probe (Chrono Boost)  
  15  0:38  Gateway  
  16  0:45  Probe (Chrono Boost)  
  16  0:46  Assimilator  
  17  0:51  Probe  
  18  1:03  Probe  
  19  1:15  Probe  
  20  1:23  Nexus  
  20  1:33  Cybernetics Core  
  20  1:35  Probe  
  21  1:40  Assimilator  
  22  1:47  Probe  
  22  1:50  Pylon  
  22  1:59  Probe  
  23  2:07  Adept (Chrono Boost)  
  23  2:11  Probe  
  26  2:18  Stargate  
  26  2:23  Probe  
  26  2:27  Adept (Chrono Boost)  
  29  2:33  Warp Gate  
  29  2:35  Probe (Chrono Boost)  
  31  2:41  Probe (Chrono Boost)  
  32  2:45  Probe (Chrono Boost)  
  32  2:49  Adept, Probe x2 (Chrono Boost)  
  36  2:59  Probe  
  36  3:01  Probe  
  36  3:03  Oracle (Chrono Boost)  
  36  3:04  Pylon  
  38  3:11  Probe  
  42  3:14  Probe  
  42  3:19  Adept  
  45  3:23  Probe  
  45  3:27  Probe  
  47  3:33  Pylon  
  47  3:34  Oracle (Chrono Boost)  
  47  3:36  Probe  
  47  3:41  Probe  
  50  3:50  Probe  
  50  3:51  Nexus  
  50  3:54  Probe  
  52  3:56  Assimilator  
  52  3:58  Assimilator  
  52  4:02  Oracle (Chrono Boost)  
  52  4:06  Probe x2  
  52  4:09  Pylon  
  57  4:18  Probe  
  57  4:19  Probe  
  57  4:20  Forge  
  59  4:24  Twilight Council  
  59  4:27  Shield Battery  
  57  4:31  Probe x2  
  57  4:33  Adept  
  61  4:42  Gateway  
  61  4:43  Probe  
  62  4:47  Gateway  
  62  4:48  Probe  
  62  4:51  Pylon, Blink (Chrono Boost)  
  63  4:53  Protoss Ground Weapons Level 1 (Chrono Boost)  
  63  4:55  Probe (Chrono Boost)  
  64  5:00  Probe (Chrono Boost)  
  66  5:08  Probe (Chrono Boost)  
  66  5:09  Probe (Chrono Boost)  
  66  5:12  Probe (Chrono Boost)  
  66  5:13  Sentry  
  70  5:16  Probe (Chrono Boost)  
  70  5:18  Probe x2 (Chrono Boost)  
  73  5:21  Pylon  
  73  5:22  Probe  
  73  5:26  Probe  
  75  5:28  Probe  
  75  5:32  Shield Battery  
  75  5:34  Probe  
  75  5:35  Assimilator  
  76  5:36  Sentry  
  76  5:38  Stalker, Probe  
  76  5:39  Assimilator  
  76  5:40  Probe  
  82  5:46  Probe  
  82  5:49  Pylon, Phoenix x2  
  83  5:50  Stalker, Probe  
  83  5:53  Probe  
  87  5:58  Probe  
  87  6:03  Templar Archives, Probe  
  89  6:05  Probe  
  89  6:10  Probe, Gateway  
  91  6:12  Stalker x2, Gateway  
  95  6:25  Photon Cannon  
  95  6:27  Nexus  
  95  6:29  Pylon  
  95  6:34  Forge  
  95  6:35  Psionic Storm, Zealot x3  
  101  6:42  Gateway  
  101  6:44  Gateway  
  101  6:47  Probe x3  
  96  6:59  Probe x2, High Templar x3  
  104  7:01  Photon Cannon  
  104  7:03  Protoss Ground Weapons Level 2 (Chrono Boost)  
  104  7:04  Shield Battery  
  104  7:05  High Templar  
  104  7:06  High Templar  
  108  7:09  Photon Cannon  
  108  7:14  Protoss Shields Level 1 (Chrono Boost)  
  108  7:17  Gateway  
  108  7:19  Pylon, Shield Battery  
  108  7:29  Photon Cannon  
  108  7:32  Photon Cannon  
  108  7:34  Probe x3  
  108  7:36  Pylon  
  111  7:42  Stalker, High Templar x2  
  117  7:46  Archon, Probe x3  
  117  7:48  Archon  
  117  7:51  Probe  
  111  7:53  Zealot x3  
  111  7:58  Probe x3  
  106  8:00  Zealot  
  106  8:03  Probe  
  104  8:07  High Templar  
  104  8:09  Photon Cannon  
  104  8:10  Probe x2  
  104  8:11  Probe  
  107  8:12  High Templar  
  107  8:15  Probe  
  107  8:16  Archon  
  107  8:18  High Templar  
  112  8:22  Probe x2  
  112  8:23  Probe  
  112  8:24  Assimilator  
  112  8:25  Photon Cannon  
  115  8:27  Probe  
  115  8:28  Assimilator  
  115  8:30  Stalker x3  
  122  8:34  Probe x2  
  122  8:35  Archon, Probe  
  122  8:39  Probe  
  122  8:41  Pylon  
  124  8:44  Pylon  
  124  8:46  Probe  
  124  8:47  Probe x2  
  127  8:48  High Templar x2  
  127  8:51  Probe  
  132  8:56  Pylon  
  132  8:57  Pylon  
  132  8:59  Probe  
  133  9:03  Photon Cannon  
  133  9:05  Photon Cannon  
  133  9:06  Photon Cannon, High Templar x4  
  133  9:08  Robotics Facility  
  133  9:09  Photon Cannon, Archon  
  141  9:10  Archon x2  
  141  9:14  Gateway x2  
  141  9:17  Gateway  
  141  9:19  Pylon  
  141  9:27  Pylon  
  128  9:31  Probe  
  128  9:32  Probe x2  
  128  9:38  Gateway  
  131  9:39  High Templar x2  
  131  9:41  Probe  
  131  9:42  Robotics Facility  
  131  9:43  Probe  
  131  9:44  Archon  
  131  9:45  Gateway  
  137  9:52  Pylon  
  137  9:55  Stalker x2  
  137  9:56  Stalker x3  
  137  9:57  Observer (Chrono Boost)  
  137  9:58  Probe  
  142  10:08  Zealot x2  
  142  10:14  Zealot x2  
  143  10:15  Charge (Chrono Boost)  
  143  10:20  Zealot x3  
  147  10:27  Probe  
  147  10:28  Probe x2  
  147  10:29  Warp Prism (Chrono Boost)  
  147  10:30  Immortal (Chrono Boost)  
  147  10:33  Fleet Beacon  
  147  10:35  Zealot x5  
  164  10:52  Photon Cannon, High Templar  
  164  10:53  High Templar  
  164  10:54  Photon Cannon  
  164  10:56  Archon  
  168  10:57  Pylon  
  168  10:58  Immortal (Chrono Boost)  
  168  10:59  Pylon x2  
  168  11:00  Pylon  
  168  11:02  Immortal (Chrono Boost)  
  176  11:05  Photon Cannon  
  176  11:07  Photon Cannon  
  168  11:14  High Templar x2  
  170  11:20  Stalker x5  
  170  11:21  Archon  
  152  11:29  Stalker x2  
  149  11:45  Stalker x5  
  150  11:50  Zealot  
  138  11:58  Zealot x2  
Show
View Real Time Build Order
Export as new Build Order

DRG Zerg - Winner!

Build Orders: Hatch First 

Get SALT Encoding   

  12  0:00  Drone  
  13  0:11  Overlord  
  13  0:16  Drone  
  14  0:30  Drone x2  
  16  0:47  Hatchery  
  15  0:50  Drone  
  15  0:54  Drone  
  15  0:57  Drone  
  18  1:02  Extractor  
  17  1:13  Spawning Pool  
  17  1:16  Drone  
  17  1:19  Drone  
  18  1:27  Drone  
  19  1:38  Drone  
  20  1:49  Drone  
  21  1:59  Queen x2  
  25  2:03  Metabolic Boost  
  25  2:05  Overlord  
  25  2:07  Zergling x2  
  26  2:10  Zergling x2  
  26  2:13  Drone  
  28  2:24  Drone  
  28  2:25  Drone  
  30  2:32  Drone  
  30  2:33  Drone  
  32  2:39  Hatchery  
  31  2:44  Queen  
  31  2:50  Overlord  
  33  2:52  Zergling x2  
  33  2:54  Zergling x2  
  33  2:56  Zergling x2  
  36  3:07  Queen  
  36  3:10  Overlord  
  36  3:12  Drone x2  
  40  3:16  Drone x2  
  42  3:20  Drone x2  
  44  3:27  Queen  
  44  3:30  Overlord  
  46  3:35  Drone x2  
  46  3:38  Drone x2  
  46  3:41  Drone  
  51  3:48  Drone, Queen  
  54  3:53  Spore Crawler  
  54  3:55  Queen  
  53  3:58  Drone  
  53  4:00  Drone x2  
  58  4:04  Drone  
  58  4:08  Drone x3  
  62  4:11  Evolution Chamber, Drone  
  62  4:14  Spore Crawler  
  62  4:15  Drone  
  62  4:17  Drone  
  62  4:20  Drone x2  
  64  4:24  Drone  
  64  4:26  Overlord  
  64  4:29  Overlord  
  64  4:34  Overlord  
  64  4:36  Drone  
  64  4:37  Overlord  
  65  4:40  Zergling x2  
  65  4:42  Overlord  
  65  4:43  Overlord  
  65  4:45  Zerg Melee Weapons Level 1  
  66  4:51  Drone x4  
  66  4:52  Drone x2  
  71  4:54  Drone x2  
  71  4:56  Drone  
  74  5:05  Drone x2  
  74  5:07  Drone  
  77  5:09  Lair  
  77  5:12  Drone  
  77  5:13  Drone x2  
  80  5:16  Drone x3  
  80  5:19  Extractor x2  
  80  5:20  Baneling Nest, Hatchery  
  79  5:21  Spore Crawler  
  79  5:26  Drone x3  
  79  5:27  Drone  
  79  5:30  Drone x2  
  79  5:35  Zergling x4  
  83  5:36  Overlord  
  83  5:39  Drone x6  
  83  5:40  Extractor  
  83  5:42  Zergling x2  
  89  5:46  Overlord  
  89  5:47  Zergling x2  
  89  5:48  Zergling x4  
  92  5:54  Zergling x6  
  92  6:00  Drone  
  92  6:03  Zergling x2  
  94  6:04  Overlord  
  94  6:05  Evolution Chamber, Zergling x10  
  94  6:10  Centrifugal Hooks  
  98  6:12  Zergling x2  
  98  6:15  Drone  
  98  6:16  Infestation Pit, Zergling x6  
  102  6:20  Zergling x2  
  102  6:24  Zergling x2  
  104  6:29  Zergling x4  
  104  6:33  Queen  
  104  6:34  Drone x8  
  104  6:36  Zerg Ground Armor Level 1  
  104  6:39  Zerg Melee Weapons Level 2  
  114  6:41  Drone x2  
  112  6:48  Zergling x4  
  112  6:49  Zergling x4  
  112  6:53  Drone x3  
  112  6:54  Hive  
  114  6:59  Drone  
  115  7:04  Zergling x16, Hatchery  
  115  7:06  Zergling x2  
  123  7:13  Zergling x12  
  123  7:14  Zergling x2  
  130  7:19  Spore Crawler, Overlord  
  130  7:20  Overlord  
  130  7:22  Overlord  
  127  7:26  Baneling x9  
  127  7:28  Zergling x6  
  130  7:31  Drone x3  
  130  7:32  Drone x3  
  130  7:34  Extractor, Overlord  
  135  7:37  Overlord  
  135  7:41  Zergling x14  
  131  7:53  Zergling x12  
  122  8:00  Zergling x12  
  122  8:03  Zergling x4  
  124  8:08  Zergling x4  
  124  8:10  Adrenal Glands  
  124  8:12  Ultralisk Cavern, Zergling x12  
  132  8:13  Extractor, Baneling x3  
  132  8:14  Baneling x6  
  132  8:15  Zergling x4  
  132  8:18  Drone x2, Queen  
  135  8:20  Zergling x2  
  135  8:26  Zergling x4  
  136  8:29  Zergling x16  
  136  8:33  Zergling x2  
  145  8:34  Zerg Ground Armor Level 2  
  145  8:37  Zergling x6  
  145  8:38  Baneling x2  
  144  8:42  Extractor  
  144  8:46  Spore Crawler, Zergling x14  
  146  8:49  Zergling x6  
  146  8:55  Baneling x9  
  148  8:58  Drone x5  
  148  8:59  Drone x2  
  148  9:00  Extractor  
  148  9:02  Zergling x6  
  157  9:04  Overlord  
  157  9:07  Overlord x3  
  157  9:09  Zerg Melee Weapons Level 3  
  156  9:10  Drone x5  
  156  9:14  Drone  
  161  9:17  Chitinous Plating  
  161  9:19  Zergling x14  
  166  9:30  Zergling x18  
  158  9:36  Ultralisk  
  157  9:41  Ultralisk  
  157  9:42  Overseer  
  161  9:48  Zergling x26  
  173  9:53  Zergling x2  
  173  9:54  Zergling x14  
  177  10:01  Zergling x6  
  177  10:06  Zergling x16  
  178  10:12  Zergling x2  
  172  10:17  Zergling x2  
  172  10:18  Zergling x6  
  166  10:23  Zergling x2  
  166  10:24  Zergling x18  
  166  10:27  Ultralisk x2  
  174  10:32  Ultralisk  
  174  10:33  Ultralisk  
  185  10:36  Anabolic Synthesis  
  185  10:38  Zergling x12  
  191  10:44  Baneling x7  
  191  10:45  Zergling x2  
  191  10:46  Zergling x10  
  191  10:49  Zergling x6  
  200  10:57  Baneling x6  
  200  10:58  Baneling x4  
  184  11:13  Zergling x2  
  184  11:14  Zergling x12  
  181  11:20  Zergling x4  
  181  11:21  Zergling x16  
  181  11:25  Zergling x18, Hatchery  
  172  11:30  Zergling x6  
  172  11:31  Zergling x8  
  172  11:34  Zergling x4  
  172  11:37  Zergling x2  
  174  11:40  Zergling x4  
  174  11:45  Zergling x4  

Tags
 
Add a new tag
Caveats
  • Supply blocks, unpowered buildings, or Contaminate may cause inaccurate times.
  • Supply counts are checked every 10 seconds.